Cogmind - Beta 16 @@@ ROGUE MODE // 2025.11.26 @ 20:25:04 Player: shapeshifter Result: Self-destructed Performance ------------- Evolutions (8) 4000 Regions Visited (29) 5800 Robots Destroyed (170) 850 Value Destroyed (6100) 6100 Prototype IDs (89) 1780 Alien Tech Used (2) 400 Bonus (15257) 15257 TOTAL SCORE: 34187 Bonus ------- High Alert Combat Kills 440 Follower Combat Kills 549 Aligned with FarCom 300 Met Data Miner 300 Met Imprinter 300 Met Warlord at Base 500 MAIN.C Attacked Warlord 500 Bested VL-GR5 5000 Found Hidden Lab 3000 Used Core Reset Matrix 3000 Met Warlord at Research 2000 Friendly Fire -632 Cogmind --------- Core Integrity 1427/1450 Matter 218/300 Energy 180/180 System Corruption 0% Temperature Cool (0) Movement Flying (20) Location -2/Research Parts ------- > --- POWER (3) -------- Backup Power III Light Particle Reactor > --- PROPULSION (8) --- Nuclear Pulse Thruster Impulse Thruster Impulse Thruster Impulse Thruster Impulse Thruster Electron Diverter Electron Diverter > --- UTILITY (10) ----- Large Storage Unit Spectral Analyzer VL-GR5's Timing Chip Advanced Transmission Jammer Advanced Reaction Control System Graphene Brace Deep Network Scanner System Shield Ghost Barrier Quantum Router > --- WEAPON (2) ------- Guided Remote Datajack > --- INVENTORY (15) --- Quantum Reactor Experimental ECM Suite Medium Regenerative Plating Transdimensional Reconstructor Core Regenerator Potential Cannon Potential Cannon Multinova Projection Cannon Fusion Bomb Launcher Tactical Quantum Warhead Force Lance Peak State ------------ > --- POWER ------------ Vortex Chain Reactor > --- PROPULSION ------- Impulse Thruster Flying Fortress v7 Electron Diverter Electron Diverter > --- UTILITY ---------- Small Storage Unit Spectral Analyzer Precision Matter Filter Advanced Transmission Jammer Experimental ECM Suite Advanced Reaction Control System Experimental Propulsion Shielding Graphene Brace Deep Network Scanner Ghost Barrier > --- WEAPON ----------- Hypervelocity Gauss Cannon Force Lance > --- INVENTORY -------- Impulse Thruster Impulse Thruster Impulse Thruster Large Storage Unit VL-GR5's Timing Chip Multinova Projection Cannon Fusion Bomb Launcher [Rating: 167] Favorites ----------- Power Improved Ion Engine Engine Improved Ion Engine Power Core Fission Core Reactor Vortex Chain Reactor Propulsion Light Treads Treads Light Treads Wheel Wheel Flight Unit Improved Cesium-ion Thruster Utility Hacking Suite Device Improved Heat Sink Storage Small Storage Unit Processor Core Analyzer Hackware Hacking Suite Protection Hardened Light Armor Plating Weapon Spread Laser Energy Gun Spread Laser Energy Cannon Heavy Ion Cannon Ballistic Gun Assault Rifle Ballistic Cannon Hypervelocity Gauss Cannon Launcher Improved Grenade Launcher Special Weapon Improved Remote Datajack Slashing Weapon Makeshift Axe Piercing Weapon Spear Build | -11 -10 -9 -9 -9 -8 -8 -7 -7 -7 -7 -7 -7 -6 -6 -6 -6 -6 -5 -5 -5 -4 -4 -4 -4 -3 -3 -3 -3 -2 ------- Run | Yrd Mat Mat Min Exi Min Mat Fac Was Fac Low Low Dat Pro Fac Low Low Zio Pro Fac Ext Fac Upp Upp War Pro Res Arm Lab Res Slots Evolved 16 | . . 2 . . . 2 2 . . . . . . 2 . . . . 2 . 2 . . . . 2 . . 2 Power 2 | . . . . . . . . . . . . . . . . . . . . . 1 . . . . . . . 1 Propulsion 6 | . . . . . . 1 1 . . . . . . 1 . . . . . . 1 . . . . 1 . . 1 Utility 8 | . . 2 . . . 1 1 . . . . . . 1 . . . . 2 . . . . . . 1 . . . Weapon . | . . . . . . . . . . . . . . . . . . . . . . . . . . . . . . Parts Attached 151 | 7 1 23 2 1 . 20 8 3 4 2 . 3 . 6 . . 1 5 10 7 4 3 . 12 2 3 17 2 5 Power 16 | 1 . 2 . . . 2 . . 1 . . . . 1 . . . 1 1 2 1 1 . 1 . . 1 . 1 Engine 8 | 1 . 2 . . . 1 . . 1 . . . . . . . . 1 1 . 1 . . . . . . . . Core 4 | . . . . . . 1 . . . . . . . 1 . . . . . 2 . . . . . . . . . Reactor 4 | . . . . . . . . . . . . . . . . . . . . . . 1 . 1 . . 1 . 1 Propulsion 37 | 2 1 7 1 . . 8 2 . . . . 1 . . . . . 3 2 2 . . . 3 . . 4 . 1 Treads 10 | 2 1 5 1 . . 1 . . . . . . . . . . . . . . . . . . . . . . . Leg . | . . . . . . . . . . . . . . . . . . . . . . . . . . . . . . Wheel 5 | . . 2 . . . 3 . . . . . . . . . . . . . . . . . . . . . . . Hover . | . . . . . . . . . . . . . . . . . . . . . . . . . . . . . . Flight 22 | . . . . . . 4 2 . . . . 1 . . . . . 3 2 2 . . . 3 . . 4 . 1 Utility 61 | 2 . 7 . . . 5 4 3 2 . . 2 . 4 . . . 1 5 2 3 2 . 4 1 2 9 2 1 Device 23 | 1 . 3 . . . 2 2 . 1 . . 2 . . . . . . . 2 1 1 . 1 1 1 5 . . Storage 3 | 1 . 1 . . . . . . . . . . . . . . . . . . . . . . . . . 1 . Processor 11 | . . . . . . . . 1 1 . . . . 1 . . . 1 2 . . 1 . 1 . 1 1 . 1 Hackware 16 | . . 2 . . . 2 1 2 . . . . . 3 . . . . 1 . 1 . . 1 . . 2 1 . Protection 8 | . . 1 . . . 1 1 . . . . . . . . . . . 2 . 1 . . 1 . . 1 . . Artifact . | . . . . . . . . . . . . . . . . . . . . . . . . . . . . . . Weapon 37 | 2 . 7 1 1 . 5 2 . 1 2 . . . 1 . . 1 . 2 1 . . . 4 1 1 3 . 2 Energy Gun 15 | 1 . 7 . 1 . 4 . . . . . . . . . . . . . . . . . 2 . . . . . Energy Cannon 1 | . . . . . . 1 . . . . . . . . . . . . . . . . . . . . . . . Ballistic Gun 2 | 1 . . . . . . . . . . . . . . . . . . . . . . . . . . . . 1 Ballistic Cannon 3 | . . . . . . . . . . . . . . 1 . . . . . . . . . 1 . . 1 . . Launcher 3 | . . . . . . . 1 . . . . . . . . . . . . . . . . . . . 2 . . Special Weapon 4 | . . . 1 . . . . . . 1 . . . . . . . . . 1 . . . . . . . . 1 Impact Weapon . | . . . . . . . . . . . . . . . . . . . . . . . . . . . . . . Slashing Weapon 4 | . . . . . . . . . 1 1 . . . . . . . . 2 . . . . . . . . . . Piercing Weapon 5 | . . . . . . . 1 . . . . . . . . . 1 . . . . . . 1 1 1 . . . Special Melee Weapon . | . . . . . . . . . . . . . . . . . . . . . . . . . . . . . . Unidentified Prototypes 22 | . . 1 . . . 3 . . . . . . . 4 . . . . 1 . . . . 7 . . 3 2 1 Parts Lost 26 | . . 4 . . 2 6 1 . 1 . . . 1 . . . . 3 1 1 . . . 1 . 1 3 . 1 Power 2 | . . . . . . 1 . . . . . . . . . . . . 1 . . . . . . . . . . Propulsion 6 | . . 1 . . 1 1 . . . . . . . . . . . 2 . . . . . . . . 1 . . Utility 13 | . . 1 . . 1 2 1 . . . . . 1 . . . . 1 . 1 . . . 1 . 1 2 . 1 Weapon 5 | . . 2 . . . 2 . . 1 . . . . . . . . . . . . . . . . . . . . Highest Loss Streak 3 | . . 2 . . 2 3 1 . 1 . . . 1 . . . . 3 1 1 . . . 1 . 1 1 . 1 To Critical Strikes . | . . . . . . . . . . . . . . . . . . . . . . . . . . . . . . Average Backups 11 | 4 7 18 19 19 16 16 5 4 3 4 4 4 5 4 5 5 5 3 4 4 4 5 5 6 7 6 7 8 11 Power . | . 1 . . . . . . . . . . . . . . . . . . . . . . . . 1 . . . Propulsion 5 | 2 3 8 8 8 8 9 3 3 1 2 2 2 2 1 2 2 2 1 1 2 1 1 1 1 2 . 2 . . Utility 3 | . 1 6 6 5 4 4 1 . 1 2 2 2 3 2 3 3 3 2 2 1 3 4 4 2 . 1 2 4 3 Weapon 2 | 1 1 2 4 5 4 2 . . . . . . . . . . . . . . . . . 2 4 3 1 3 5 Tool/Special . | . . . . . . . . . . . . . . . . . . . . . . . . . . . . . . Unused Backups 44 | . 2 9 2 2 . 8 2 2 1 . . . . . . . 1 . 1 . 2 . . 1 1 . 3 . 7 Power 1 | . . . . . . . . . . . . . . . . . . . . . . . . . . . 1 . . Propulsion 12 | . 2 3 1 . . 5 . 1 . . . . . . . . . . . . . . . . . . . . . Utility 15 | . . 2 . 2 . . 2 . 1 . . . . . . . 1 . 1 . 2 . . 1 . . 2 . 1 Weapon 13 | . . 4 1 . . 3 . . . . . . . . . . . . . . . . . . 1 . . . 4 Tool/Special 3 | . . . . . . . . 1 . . . . . . . . . . . . . . . . . . . . 2 Average Slot Usage (%) 93 | . 99 96 100 100 95 98 98 98 99 100 100 95 89 88 93 93 93 93 95 94 89 94 94 81 77 78 76 81 76 Engine 5 | . 14 11 11 11 11 8 . . 1 7 7 7 7 2 . . . 2 5 . . 3 . . . . . . 1 Core 1 | . . . . . . . 7 7 5 . . . . 3 6 6 6 3 . 4 5 5 5 1 . . . . . Treads 9 | . 27 20 22 22 22 9 . . . . . . . . . . . . . . . . . . . . . . . Wheel 1 | . . . . . . 9 . . . . . . . . . . . . . . . . . . . . . . . Flight 12 | . . . . . . 6 28 30 30 30 30 25 23 26 26 26 26 27 27 23 26 26 26 17 15 19 18 28 26 Device 10 | . 14 10 11 11 11 9 15 15 7 15 15 24 27 8 6 6 6 6 5 10 12 5 5 4 9 10 17 15 14 Storage 8 | . 14 11 11 11 11 9 7 7 7 7 7 7 7 6 6 6 6 6 5 5 5 5 5 5 5 4 4 4 4 Processor 4 | . . . . . . . . 1 . 7 7 7 7 12 13 13 13 17 19 11 10 15 15 12 10 13 8 4 4 Hackware 14 | . . 14 11 11 11 21 14 12 22 15 15 5 . 13 20 20 20 15 14 17 15 15 15 15 15 14 11 16 17 Protection 4 | . . 5 11 11 6 4 6 7 6 . . . . . . . . . 4 4 2 5 5 8 5 2 1 . . Energy Gun 9 | . 14 19 21 14 22 17 . . . . . . . . . . . . . . . . . . . . . . . Ballistic Gun 1 | . 14 2 . . . . . . . . . . . . . . . . . . . . . . . . . . . Special Weapon 1 | . . . . 7 . . . . . . . . . . . . . . . 3 5 5 5 5 5 1 . . 1 Slashing Weapon 1 | . . . . . . . . . 3 7 7 7 7 6 6 6 3 . 3 5 5 5 5 2 . . . . . Piercing Weapon 2 | . . . . . . . 6 7 7 7 7 7 7 6 6 6 9 11 5 1 . . . 1 4 4 3 4 2 Peak Build Rating 167 | 7 7 22 23 24 24 33 49 56 57 58 58 60 60 89 88 87 87 87 89 98 111 116 116 146 144 160 167 136 165 Average Rating 60 | 5 6 18 21 23 23 31 48 51 56 57 58 58 59 79 87 87 87 73 78 96 106 113 116 135 142 155 156 129 140 On Entrance 72 | . 7 7 21 23 24 22 29 46 56 57 58 58 60 57 88 87 87 87 71 89 91 111 116 116 139 143 158 136 135 Avg Prop Armor Cover (%) 4 | . . . . . . 4 . . . . . . . . . . . . . . . . . . . . . . . Naked Turns . | . . . . . . . . . . . . . . . . . . . . . . . . . . . . . . Heaviest Build 69 | 14 14 59 59 59 59 59 22 22 23 22 22 26 26 25 22 21 21 20 27 32 28 34 34 64 65 65 69 43 47 Greatest Support 73 | 40 40 40 40 40 40 40 23 23 23 23 23 27 27 33 33 33 33 33 32 32 36 35 35 66 66 72 73 44 54 Greatest Overweight (x) 5 | . . 4 1 1 1 5 . . . . . . . . . . . . . . . . . 1 . . . . . Average Overweight (x) . | . . . 1 1 1 1 . . . . . . . . . . . . . . . . . . . . . . . Largest Inventory Capacity 20 | 8 8 20 20 20 20 20 20 8 8 8 8 8 8 8 8 8 8 8 8 8 8 8 8 8 8 8 8 15 15 Average Capacity 13 | 7 8 19 20 20 20 20 8 8 8 8 8 8 8 8 8 8 8 8 8 8 8 8 8 8 8 8 8 12 15 Most Carried 20 | 7 8 20 20 20 20 20 17 8 8 8 8 8 8 8 8 8 8 8 8 8 8 8 8 8 8 8 8 15 15 Average Carried 13 | 4 7 18 19 19 19 19 8 7 7 8 8 7 8 7 8 8 8 6 7 7 7 8 8 7 8 7 7 11 14 Final Capacity 20 | 8 8 20 20 20 20 20 8 8 8 8 8 8 8 8 8 8 8 8 8 8 8 8 8 8 8 8 8 15 15 Final Carried 20 | 6 8 18 20 20 20 17 8 8 8 8 8 8 8 8 8 8 8 6 8 8 8 8 8 8 8 8 5 15 14 Class Distribution -------------------- 33% | Mutant 23% | Hacker-Sprinter 21% | Wizard-Sprinter 17% | Hacker-Mutant Dominant Class ---------------- Mutant | -10/Materials Mutant | -9/Materials Mutant | -9/Mines Mutant | -9/Exiles Mutant | -8/Mines Hacker-Mutant | -8/Materials Hacker-Sprinter | -7/Factory Hacker-Sprinter | -7/Waste Hacker-Sprinter | -7/Factory Hacker-Sprinter | -7/Lower Caves Hacker-Sprinter | -7/Lower Caves Sprinter | -7/Data Miner Sprinter | -6/Proximity Caves Wizard-Sprinter | -6/Factory Wizard-Sprinter | -6/Lower Caves Wizard-Sprinter | -6/Lower Caves Wizard-Sprinter | -6/Zion Hacker-Sprinter | -5/Proximity Caves Hacker-Sprinter | -5/Factory Hacker-Sprinter | -5/Extension Hacker-Sprinter | -4/Factory Hacker-Sprinter | -4/Upper Caves Hacker-Sprinter | -4/Upper Caves Wizard-Sprinter | -4/Warlord Wizard-Sprinter | -3/Proximity Caves Wizard-Sprinter | -3/Research Hacker-Sprinter | -3/Armory Hacker-Sprinter | -3/Lab Wizard-Sprinter | -2/Research Resources | -11 -10 -9 -9 -9 -8 -8 -7 -7 -7 -7 -7 -7 -6 -6 -6 -6 -6 -5 -5 -5 -4 -4 -4 -4 -3 -3 -3 -3 -2 ----------- Run | Yrd Mat Mat Min Exi Min Mat Fac Was Fac Low Low Dat Pro Fac Low Low Zio Pro Fac Ext Fac Upp Upp War Pro Res Arm Lab Res Matter Collected 3006 | 302 191 276 40 . 70 235 123 20 51 20 . . 45 80 10 . 10 60 70 207 60 30 . 120 163 20 439 . 364 Remotely . | . . . . . . . . . . . . . . . . . . . . . . . . . . . . . . Salvage Created 6765 | 94 455 838 389 . 125 1136 49 57 75 50 . 30 49 . 1 47 . 163 600 890 . . . . 489 155 942 . 131 Parts 331 | 5 31 38 29 . 3 53 6 . 5 5 . 3 3 . . 3 . 13 19 37 . . . . 24 8 41 . 5 Haulers Intercepted 15 | . 2 4 . . . 3 1 . . . . . . . . . . . 2 2 . . . . . 1 . . . Recyclers Shooed 3 | . . . . . . 3 . . . . . . . . . . . . . . . . . . . . . . . Parts Field Recycled . | . . . . . . . . . . . . . . . . . . . . . . . . . . . . . . Retrieved Matter . | . . . . . . . . . . . . . . . . . . . . . . . . . . . . . . Parts Self-Destructed 64 | . . . . . . . . . . 2 . . 3 . . 22 . 13 . . . . . . 24 . . . . Prevented 1 | . . . . . . . . . . . . . . . . 1 . . . . . . . . . . . . . Parts Restored . | . . . . . . . . . . . . . . . . . . . . . . . . . . . . . . Kills | -11 -10 -9 -9 -9 -8 -8 -7 -7 -7 -7 -7 -7 -6 -6 -6 -6 -6 -5 -5 -5 -4 -4 -4 -4 -3 -3 -3 -3 -2 ------- Run | Yrd Mat Mat Min Exi Min Mat Fac Was Fac Low Low Dat Pro Fac Low Low Zio Pro Fac Ext Fac Upp Upp War Pro Res Arm Lab Res Combat Hostiles Destroyed 120 | . 9 17 10 . 4 20 . . 1 1 . . 1 . 1 2 . 5 3 10 . . . . 9 1 26 . . Melee 39 | . . . . . . . . . 1 1 . . 1 . 1 2 . 5 3 10 . . . . 8 1 6 . . Guns 60 | . 9 17 10 . 4 20 . . . . . . . . . . . . . . . . . . . . . . . Cannons 8 | . . . . . . . . . . . . . . . . . . . . . . . . . 1 . 7 . . AOE 13 | . . . . . . . . . . . . . . . . . . . . . . . . . . . 13 . . Classes Destroyed 20 | 2 5 4 1 . 1 . . . . 1 . . 1 . 1 . . . . 1 . . . . . . 3 . . Worker 5 | . 1 . . . . 4 . . . . . . . . . . . . . . . . . . . . . . . Builder 4 | . . . 1 . . 2 . . . . . . . . . . . . 1 . . . . . . . . . . Tunneler 3 | 2 . . 1 . . . . . . . . . . . . . . . . . . . . . . . . . . Hauler 15 | . 2 4 . . . 3 1 . . . . . . . . . . . 2 2 . . . . . 1 . . . Recycler 8 | 1 . . 1 . . 4 . . . . . . . . . . . . 1 . . . . . . . . . 1 Mechanic 2 | . . 1 . . . . . . . . . . . . . . . . 1 . . . . . . . . . . Operator 2 | . . 1 . . . . . . . . . . . . . . . . . 1 . . . . . . . . . Watcher 10 | . 3 3 . . . 2 . . . . . . . . . . . . . 1 . . . . . . 1 . . Swarmer 29 | . 3 . 3 . . 3 . . . . . . . . . 2 . 4 . . . . . . 4 . 10 . . Grunt 48 | . 6 11 5 . 3 8 . . . . . . . . . . . . 2 5 . . . . 4 . 4 . . Brawler 4 | . . 1 2 . . 1 . . . . . . . . . . . . . . . . . . . . . . . Duelist 3 | . . . . . . . . . . . . . . . . . . . . . . . . . . . 3 . . Protector 2 | . . . . . . . . . . . . . . . . . . . . . . . . . . . 2 . . Sentry 25 | . . 5 . . . 8 . . 1 . . . . . . . . . 1 2 . . . . 1 1 6 . . Demolisher 1 | . . . . . . . . . . . . . . . . . . . . . . . . . . . 1 . . Hunter 4 | . . . . . 1 . . . . . . . . . . . . 1 . 2 . . . . . . . . . Programmer 1 | . . . . . . . . . . . . . 1 . . . . . . . . . . . . . . . . Behemoth 1 | . . . . . . . . . . . . . . . . . . . . 1 . . . . . . . . . Thief 1 | . . . . . . . . . . . . . . . 1 . . . . . . . . . . . . . . Mutant 1 | . . . . . . . . . . 1 . . . . . . . . . . . . . . . . . . . Best Kill Streak 13 | 1 3 3 3 . 3 6 1 . 1 1 . 1 1 . 1 2 . 5 4 3 . . . . 3 1 13 . 1 Combat Bots Only 13 | . 3 3 3 . 3 5 . . 1 1 . . 1 . 1 2 . 5 2 3 . . . . 3 1 13 . . Max Kills in Single Turn 5 | 1 1 1 1 . 1 2 1 . 1 1 . 1 1 . 1 1 . 1 1 1 . . . . 1 1 5 . 1 Gunslinging . | . . . . . . . . . . . . . . . . . . . . . . . . . . . . . . Exploded 4 | . . . . . . . . . . . . . . . . . . . . . . . . . . . 4 . . Melee 1 | . . . . . . . . . 1 1 . . 1 . 1 1 . 1 1 1 . . . . 1 1 1 . . Uniques/NPCs Destroyed 1 | . . . . . . . . . . . . 1 . . . . . . . . . . . . . . . . . Data Miner (-7/Data Miner) Combat | -11 -10 -9 -9 -9 -8 -8 -7 -7 -7 -7 -7 -7 -6 -6 -6 -6 -6 -5 -5 -5 -4 -4 -4 -4 -3 -3 -3 -3 -2 -------- Run | Yrd Mat Mat Min Exi Min Mat Fac Was Fac Low Low Dat Pro Fac Low Low Zio Pro Fac Ext Fac Upp Upp War Pro Res Arm Lab Res Hostile Shots Fired 695 | . 45 80 35 . 22 78 36 . 18 6 . 3 22 . . 19 . 72 13 55 10 11 9 24 27 30 76 . 4 Missed 295 | . 15 18 14 . 2 18 25 . 9 4 . 2 15 . . 10 . 27 3 19 8 9 4 13 13 21 44 . 2 Hits 400 | . 30 62 21 . 20 60 11 . 9 2 . 1 7 . . 9 . 45 10 36 2 2 5 11 14 9 32 . 2 Melee 7 | . . 2 . . . 1 . . . . . . . . . . . . . . . . . . . . 4 . . Projectile 393 | . 30 60 21 . 20 59 11 . 9 2 . 1 7 . . 9 . 45 10 36 2 2 5 11 14 9 28 . 2 AOE 5 | . . . . . . . . . . . . . . . . . . . . . . . . . . . 5 . . Critical Strikes 17 | . 1 . . . 1 5 1 . . . . . 1 . . . . 1 . 2 . . 1 . . 1 3 . . Actively Blocked 1 | . . . . . . . . . . . . . . . . . . . . . . . . . . . 1 . . Damage Taken 7024 | . 332 840 302 . 326 998 165 . 124 30 . 43 128 . . 116 . 674 207 669 36 17 81 285 305 205 1095 . 46 Core 1217 | . 113 117 39 . 48 294 59 . 11 . . . 14 . . 14 . 204 38 162 . . 12 22 26 . 21 . 23 Absorbed by Shields 195 | . . . . . . . . . . . . . . . . . . . . 109 . . . . . . 86 . . Redirected to Shielding 436 | . . . . . . . 27 . 6 . . . . . . . . . . 101 . 15 48 89 . . 150 . . Regen/Repaired (Parts) 320 | . . . . . . . . . 58 . . . . . . . 207 . . . . . . 46 . . . . 9 Core Remaining (%) 75 | 100 54 . . . 49 46 . . . . . . 88 . . . . 74 . 80 . . . . 94 . . 98 . Volleys Fired 310 | 11 50 57 20 9 13 64 1 . . . . . . . . . . . . 11 . . . 6 2 . 57 . 9 Largest 2 | 2 2 2 2 1 2 2 1 . . . . . . . . . . . . 1 . . . 1 1 . 1 . 1 Hottest 130 | 60 60 130 130 5 130 130 36 . . . . . . . . . . . . 7 . . . 7 51 . 52 . 10 Shots Fired 521 | 22 98 112 40 9 26 128 1 . . . . . . . . . . . . 11 . . . 6 2 . 57 . 9 Gun 418 | 22 98 112 40 . 26 120 . . . . . . . . . . . . . . . . . . . . . . . Cannon 56 | . . . . . . 8 . . . . . . . . . . . . . . . . . . 2 . 46 . . Launcher 12 | . . . . . . . 1 . . . . . . . . . . . . . . . . . . . 11 . . Special 35 | . . . . 9 . . . . . . . . . . . . . . . 11 . . . 6 . . . . 9 Kinetic 121 | 11 50 12 . . . . . . . . . . . . . . . . . . . . . . 2 . 46 . . Thermal 346 | 11 48 93 40 . 26 128 . . . . . . . . . . . . . . . . . . . . . . . Explosive 4 | . . . . . . . 1 . . . . . . . . . . . . . . . . . . . 3 . . Electromagnetic 7 | . . 7 . . . . . . . . . . . . . . . . . . . . . . . . . . . Entropic 8 | . . . . . . . . . . . . . . . . . . . . . . . . . . . 8 . . Robot Hit Streak 41 | 6 13 21 30 1 11 23 . . . . . . . . . . . . . 34 . . . 39 41 . 7 . 15 Robot Miss Streak 10 | 2 6 6 8 2 3 10 . . . . . . . . . . . . . . . . . . . . 3 . . Penetration Max 1 | . . . . . . . . . . . . . . . . . . . . . . . . . . . 1 . . Secondary Targets 10 | . 1 5 1 . 2 1 . . . . . . . . . . . . . . . . . . . . . . . Max Gunslinging Chain 1 | . 1 1 1 . 1 1 . . . . . . . . . . . . . . . . . . . . . . . Shots Hit Robots 516 | 15 60 90 32 3 24 114 3 1 4 4 . 2 2 1 1 3 . 11 19 50 . . . 5 12 8 42 . 10 Core Hits 500 | 4 26 116 53 . 34 174 1 . 2 2 . 1 1 . 1 2 . 5 9 15 . . . . 9 3 41 . 1 Critical Kills 7 | . . . . . . . . . . . . . . . . . . . . . . . . . . . 7 . . Critical Parts Destroyed 12 | . . . . . . . . . . . . . . . . . . . . . . . . . . . 12 . . Critical Strikes 36 | . . . . . . . 1 . . 1 . . . . 1 . . . . 5 . . . . 2 2 24 . . Destroy 19 | . . . . . . . . . . . . . . . . . . . . . . . . . . . 19 . . Sever 5 | . . . . . . . . . . . . . . . . . . . . 5 . . . . . . . . . Impale 5 | . . . . . . . 1 . . 1 . . . . 1 . . . . . . . . . . 1 1 . . Sunder 7 | . . . . . . . . . . . . . . . . . . . . . . . . . 2 1 4 . . Melee Attacks 278 | . . . . . . . 18 2 11 6 . 7 11 14 1 7 1 22 27 49 7 . . . 13 30 34 11 7 Impact . | . . . . . . . . . . . . . . . . . . . . . . . . . . . . . . Slashing 82 | . . . . . . . . . 3 1 . 1 1 3 . 2 . . 15 49 7 . . . . . . . . Piercing 149 | . . . . . . . 18 2 8 5 . 6 10 11 1 5 1 22 12 . . . . . . 10 20 11 7 Entropic 47 | . . . . . . . . . . . . . . . . . . . . . . . . . 13 20 14 . . Sneak Attacks 19 | . . . . . . . 1 . 2 . . 2 . . . . . . 6 6 . . . . . 1 . . 1 Combat Hostiles 5 | . . . . . . . . . 2 . . . . . . . . . . 3 . . . . . . . . . Follow-up Attacks 9 | . . . . . . . . . 1 1 . 1 1 . . 1 . 3 1 . . . . . . . . . . Damage Inflicted 17202 | 180 727 1311 524 . 372 1903 136 80 232 153 . 157 74 41 47 102 . 334 1136 2180 . . . . 954 623 5810 . 126 Guns 4864 | 180 727 1311 524 . 372 1750 . . . . . . . . . . . . . . . . . . . . . . . Cannons 507 | . . . . . . 81 . . . . . . . . . . . . . . . . . . 32 . 394 . . Explosions 3897 | . . . . . . 72 . . . . . . . . . . . . . . . . . . . . 3825 . . Melee 7934 | . . . . . . . 136 80 232 153 . 157 74 41 47 102 . 334 1136 2180 . . . . 922 623 1591 . 126 Ramming . | . . . . . . . . . . . . . . . . . . . . . . . . . . . . . . Kinetic 1046 | 104 415 101 . . . . . . . . . . . . . . . . . . . . . . 32 . 394 . . Thermal 4357 | 76 312 1170 524 . 372 1903 . . . . . . . . . . . . . . . . . . . . . . . Explosive 337 | . . . . . . . . . . . . . . . . . . . . . . . . . . . 337 . . Electromagnetic 40 | . . 40 . . . . . . . . . . . . . . . . . . . . . . . . . . . Impact . | . . . . . . . . . . . . . . . . . . . . . . . . . . . . . . Slashing 3051 | . . . . . . . . . 65 32 . 76 . . . 31 . . 667 2180 . . . . . . . . . Piercing 2121 | . . . . . . . 136 80 167 121 . 81 74 41 47 71 . 334 469 . . . . . . 163 211 . 126 Entropic 6250 | . . . . . . . . . . . . . . . . . . . . . . . . . 922 460 4868 . . Highest Corruption 1 | . . . . . . . 1 1 1 1 1 1 1 . . . . . . . . . . . . . . . . Average Corruption 1 | . . . . . . . 1 1 1 1 1 1 1 . . . . . . . . . . . . . . . . Corruption Purged . | . . . . . . . . . . . . . . . . . . . . . . . . . . . . . . Corruption Blocked . | . . . . . . . . . . . . . . . . . . . . . . . . . . . . . . Effects 6 | . . . . . . . . . 3 1 1 1 . . . . . . . . . . . . . . . . . Message Errors 1 | . . . . . . . . . 1 . . . . . . . . . . . . . . . . . . . . Matter Fused 3 | . . . . . . . . . 1 . 1 1 . . . . . . . . . . . . . . . . . Energy Discharges 1 | . . . . . . . . . . 1 . . . . . . . . . . . . . . . . . . . Data Loss (minor) 1 | . . . . . . . . . 1 . . . . . . . . . . . . . . . . . . . . Overload Shots . | . . . . . . . . . . . . . . . . . . . . . . . . . . . . . . Overflow Damage 958 | . . . . . . 10 10 27 73 . . 21 7 1 . . . . 208 154 . . . . 103 . 344 . . Projectiles . | . . . . . . . . . . . . . . . . . . . . . . . . . . . . . . Explosions 217 | . . . . . . 10 . . . . . . . . . . . . . . . . . . . . 207 . . Melee 741 | . . . . . . . 10 27 73 . . 21 7 1 . . . . 208 154 . . . . 103 . 137 . . Knockbacks 5 | . . . . . . . . . . . . . . . . . . . . . . . . . . . 5 . . Impact . | . . . . . . . . . . . . . . . . . . . . . . . . . . . . . . Kinetic 5 | . . . . . . . . . . . . . . . . . . . . . . . . . . . 5 . . Secondary . | . . . . . . . . . . . . . . . . . . . . . . . . . . . . . . Self-Inflicted Damage 248 | . . . . . . 84 . . . . . . . . . . . . . . . . . . . . 164 . . Shots 2 | . . . . . . 1 . . . . . . . . . . . . . . . . . . . . 1 . . Rammed . | . . . . . . . . . . . . . . . . . . . . . . . . . . . . . . Targets Rammed . | . . . . . . . . . . . . . . . . . . . . . . . . . . . . . . Kicked . | . . . . . . . . . . . . . . . . . . . . . . . . . . . . . . Crushed . | . . . . . . . . . . . . . . . . . . . . . . . . . . . . . . Highest Temperature 360 | . 63 360 252 . 261 243 . . 9 . . . 1 . . 4 . 35 30 66 15 209 297 199 28 157 136 16 36 Average Temperature 68 | . 30 98 85 . 131 64 . . 9 . . . 1 . . 4 . 2 12 15 9 81 129 116 16 53 48 4 8 Received Heat Transfer 1796 | . 162 384 75 . 144 459 9 . 18 . . . 27 . . 12 . 36 63 178 9 9 . 66 30 66 49 . . Effects 1 | . . . . . . . . . . . . . . . . . . . . . . . 1 . . . . . . Interference 1 | . . . . . . . . . . . . . . . . . . . . . . . 1 . . . . . . Siege Activations . | . . . . . . . . . . . . . . . . . . . . . . . . . . . . . . Martial Activations . | . . . . . . . . . . . . . . . . . . . . . . . . . . . . . . Shielding Activations . | . . . . . . . . . . . . . . . . . . . . . . . . . . . . . . Robots Disrupted . | . . . . . . . . . . . . . . . . . . . . . . . . . . . . . . Combat Hostiles . | . . . . . . . . . . . . . . . . . . . . . . . . . . . . . . Robots Corrupted . | . . . . . . . . . . . . . . . . . . . . . . . . . . . . . . Combat Hostiles . | . . . . . . . . . . . . . . . . . . . . . . . . . . . . . . Parts Fried . | . . . . . . . . . . . . . . . . . . . . . . . . . . . . . . Impact Corruptions . | . . . . . . . . . . . . . . . . . . . . . . . . . . . . . . Robots Melted . | . . . . . . . . . . . . . . . . . . . . . . . . . . . . . . Combat Hostiles . | . . . . . . . . . . . . . . . . . . . . . . . . . . . . . . Parts Melted 3 | . 1 1 . . . 1 . . . . . . . . . . . . . . . . . . . . . . . Heat Transferred 5841 | 175 700 1525 635 . 460 2346 . . . . . . . . . . . . . . . . . . . . . . . Parts Sabotaged . | . . . . . . . . . . . . . . . . . . . . . . . . . . . . . . Parts Stolen . | . . . . . . . . . . . . . . . . . . . . . . . . . . . . . . Parts Stripped . | . . . . . . . . . . . . . . . . . . . . . . . . . . . . . . Power Chain Reactions . | . . . . . . . . . . . . . . . . . . . . . . . . . . . . . . Alert | -11 -10 -9 -9 -9 -8 -8 -7 -7 -7 -7 -7 -7 -6 -6 -6 -6 -6 -5 -5 -5 -4 -4 -4 -4 -3 -3 -3 -3 -2 ------- Run | Yrd Mat Mat Min Exi Min Mat Fac Was Fac Low Low Dat Pro Fac Low Low Zio Pro Fac Ext Fac Upp Upp War Pro Res Arm Lab Res Maximum Alert Level 3 | . . 1 . . . 1 . . . . . . . 1 . . . . 1 1 . . . . . 1 3 . . Low Security (%) 82 | 100 100 92 100 . 100 96 100 100 100 . . . . 46 . . . . . 78 100 . . . . 3 8 . 100 Level 1 12 | . . 7 . . . 3 . . . . . . . 54 . . . . 100 21 . . . . . 96 5 . . Level 2 1 | . . . . . . . . . . . . . . . . . . . . . . . . . . . 23 . . Level 3 3 | . . . . . . . . . . . . . . . . . . . . . . . . . . . 63 . . Level 4 . | . . . . . . . . . . . . . . . . . . . . . . . . . . . . . . Level 5 . | . . . . . . . . . . . . . . . . . . . . . . . . . . . . . . High Security . | . . . . . . . . . . . . . . . . . . . . . . . . . . . . . . Max Security . | . . . . . . . . . . . . . . . . . . . . . . . . . . . . . . Peak Influence 1056 | 5 100 216 128 . 40 249 133 40 35 . . . . 349 . . . . 314 308 155 . . . . 351 1056 . 72 Initial 334 | . 3 35 58 . . . 109 39 14 . . . . 334 . . . . 225 135 142 . . . . 192 168 . . Average 133 | 1 30 93 29 . 9 82 97 30 11 . . . . 235 . . . . 256 149 132 . . . . 309 793 . 40 Influence Increases 6432 | 15 294 499 255 . 100 762 134 1 82 . . 20 75 474 . 255 . 250 341 832 73 60 . . 230 420 1158 . 102 Destroy 0b10 Robot/C 2740 | . 180 340 200 . 80 400 . . 20 . . 20 20 80 . 140 . 120 60 400 . . . . 180 20 480 . . Destroy 0b10 Robot/NC 285 | 15 30 45 15 . . 75 5 . . . . . . . . . . . 25 50 . . . . . 5 15 . 5 Destroy Leader 542 | . 40 104 40 . 20 110 2 . 10 . . . 10 10 . 10 . 20 14 34 . . . . 20 12 86 . . Allied During Kill 174 | . . . . . . . . . . . . . . 11 . . . 5 . 158 . . . . . . . . . Successful Hack 290 | . 14 10 . . . 2 6 . 18 . . . . 6 . . . . 50 21 9 . . . . 39 48 . 67 Select Force Hacks 30 | . 30 . . . . . . . . . . . . . . . . . . . . . . . . . . . . Disable Machine 270 | . . . . . . 30 15 . 15 . . . . 45 . . . . 15 30 30 . . . . . 90 . . Destroy Structure 556 | . . . . . . 25 16 1 4 . . . . 7 . . . . 12 34 4 . . . . 44 394 . 15 Advance Influence 600 | . . . . . . . . . . . . . . 300 . . . . 150 . . . . . . 150 . . . Partial Spotted 225 | . . . . . . . 60 . 15 . . . . 15 . . . . 15 75 . . . . . 30 15 . . Lose Combat Pursuer 720 | . . . . . . 120 30 . . . . . 45 . . 105 . 105 . 30 30 60 . . 30 120 30 . 15 Influence Decreases 6410 | 10 215 433 404 1 100 521 262 94 72 30 . 20 20 311 218 150 105 130 185 818 208 78 57 80 166 162 450 1030 80 Entered New Map 2281 | . 2 49 92 1 . . 132 74 6 12 . . . 21 82 . 105 . 45 141 148 58 27 80 . 22 154 1030 . Time Decay 3316 | 10 213 364 312 . 80 461 120 20 66 18 . 20 20 120 136 130 . 70 130 314 50 20 30 . 166 120 246 . 80 Lost Part 190 | . . 20 . . 20 60 10 . . . . . . . . . . 20 10 10 . . . . . 10 30 . . Lost Ally 260 | . . . . . . . . . . . . . . 20 . 20 . 40 . 140 10 . . . . 10 20 . . Purge Threat 363 | . . . . . . . . . . . . . . 150 . . . . . 213 . . . . . . . . . Squads Dispatched 25 | . 2 1 . . . 5 2 . . . . . . . . . . 1 3 2 1 . . . . 3 4 . 1 Investigation 6 | . 1 1 . . . 1 . . . . . . . . . . . . 1 . 1 . . . . 1 . . . Extermination 4 | . . . . . . . 1 . . . . . . . . . . . 1 . . . . . . 1 1 . . Reinforcement 9 | . 1 . . . . 1 1 . . . . . . . . . . . 1 2 . . . . . 1 1 . 1 Assault 3 | . . . . . . . . . . . . . . . . . . 1 . . . . . . . . 2 . . Garrison 3 | . . . . . . 3 . . . . . . . . . . . . . . . . . . . . . . . Intercept . | . . . . . . . . . . . . . . . . . . . . . . . . . . . . . . Searches Triggered . | . . . . . . . . . . . . . . . . . . . . . . . . . . . . . . Construction Impeded 1 | . . . . . . . . . . . . . . . . . . . . 1 . . . . . . . . . Haulers Reinforced 1 | . . . . . . . . . . . . . . . . . . . 1 . . . . . . . . . . Active Scanning Responses . | . . . . . . . . . . . . . . . . . . . . . . . . . . . . . . Cargo Convoy Interrupts . | . . . . . . . . . . . . . . . . . . . . . . . . . . . . . . Stealth | -11 -10 -9 -9 -9 -8 -8 -7 -7 -7 -7 -7 -7 -6 -6 -6 -6 -6 -5 -5 -5 -4 -4 -4 -4 -3 -3 -3 -3 -2 --------- Run | Yrd Mat Mat Min Exi Min Mat Fac Was Fac Low Low Dat Pro Fac Low Low Zio Pro Fac Ext Fac Upp Upp War Pro Res Arm Lab Res Distress Signals 20 | . 1 3 . . . 6 1 . . . . . . . . . . . 1 3 . . . . . 1 3 . 1 Communications Jammed 30 | . . . . . . . . . . . . . . . . . . . . . . . . . . . 30 . . Distress Signals 30 | . . . . . . . . . . . . . . . . . . . . . . . . . . . 30 . . Times Spotted 289 | . 19 22 11 . 4 35 12 . 1 1 . 4 9 1 1 7 . 23 4 27 7 7 3 15 12 15 47 . 2 Peak Tracking Total 14 | . 3 4 4 . 2 7 8 . 1 1 . 4 6 1 . 9 . 12 2 7 4 12 5 14 4 6 7 . 2 Tactical Retreats 25 | . . . . . . 4 2 . . . . . 1 . . 2 . 3 . 1 1 1 . . 2 3 4 . 1 ECM-based Alert Blocks 4 | . . . . . . . . . . . . . . . . . . . . . . . . . . . 4 . . Traps | -11 -10 -9 -9 -9 -8 -8 -7 -7 -7 -7 -7 -7 -6 -6 -6 -6 -6 -5 -5 -5 -4 -4 -4 -4 -3 -3 -3 -3 -2 ------- Run | Yrd Mat Mat Min Exi Min Mat Fac Was Fac Low Low Dat Pro Fac Low Low Zio Pro Fac Ext Fac Upp Upp War Pro Res Arm Lab Res Traps Triggered 9 | . 2 . 1 . . 2 1 . 2 . . . . . . . . . . 1 . . . . . . . . . Indirectly . | . . . . . . . . . . . . . . . . . . . . . . . . . . . . . . Trap Hack Attempts . | . . . . . . . . . . . . . . . . . . . . . . . . . . . . . . Triggered . | . . . . . . . . . . . . . . . . . . . . . . . . . . . . . . Disarmed 8 | . . . . . . . . . . . . . . 4 . . . . . 4 . . . . . . . . . Reprogrammed . | . . . . . . . . . . . . . . . . . . . . . . . . . . . . . . Reused . | . . . . . . . . . . . . . . . . . . . . . . . . . . . . . . Traps Extracted . | . . . . . . . . . . . . . . . . . . . . . . . . . . . . . . Installed . | . . . . . . . . . . . . . . . . . . . . . . . . . . . . . . Triggered . | . . . . . . . . . . . . . . . . . . . . . . . . . . . . . . Machines | -11 -10 -9 -9 -9 -8 -8 -7 -7 -7 -7 -7 -7 -6 -6 -6 -6 -6 -5 -5 -5 -4 -4 -4 -4 -3 -3 -3 -3 -2 ---------- Run | Yrd Mat Mat Min Exi Min Mat Fac Was Fac Low Low Dat Pro Fac Low Low Zio Pro Fac Ext Fac Upp Upp War Pro Res Arm Lab Res Machines Disabled 23 | . . . . . . 2 1 . 1 1 . 1 . 3 . . . . 1 2 2 . . . . . 6 3 . Max in Single Turn 2 | . . . . . . 2 1 . 1 1 . 1 . 1 . . . . 1 . 1 . . . . . 2 1 . Garrison Access 5 | . . . . . . . . . 1 . . . . . . . . . 1 . 1 . . . . 1 . . 1 Machines Repaired . | . . . . . . . . . . . . . . . . . . . . . . . . . . . . . . Machines Dismantled . | . . . . . . . . . . . . . . . . . . . . . . . . . . . . . . Machines Sabotaged . | . . . . . . . . . . . . . . . . . . . . . . . . . . . . . . Overloaded Fab Kills . | . . . . . . . . . . . . . . . . . . . . . . . . . . . . . . Hacking | -11 -10 -9 -9 -9 -8 -8 -7 -7 -7 -7 -7 -7 -6 -6 -6 -6 -6 -5 -5 -5 -4 -4 -4 -4 -3 -3 -3 -3 -2 --------- Run | Yrd Mat Mat Min Exi Min Mat Fac Was Fac Low Low Dat Pro Fac Low Low Zio Pro Fac Ext Fac Upp Upp War Pro Res Arm Lab Res Machines Accessed 84 | . 5 9 1 2 . 4 4 . 5 . . 3 . 5 1 . . . 9 10 4 . . 2 . 9 5 . 6 Terminals 50 | . 4 8 . . . 3 2 . 2 . . . . 3 . . . . 6 9 1 . . . . 4 4 . 4 Fabricators 7 | . . . . . . . 1 . . . . . . 1 . . . . 1 . 1 . . . . 2 1 . . Repair Stations 1 | . . . . . . . . . 1 . . . . . . . . . . . . . . . . . . . . Recycling Units 5 | . 1 . . . . . 1 . 1 . . . . . . . . . 1 1 . . . . . . . . . Scanalyzers 7 | . . 1 . . . 1 . . . . . . . 1 . . . . . . 1 . . . . 2 . . 1 Garrison Access 5 | . . . . . . . . . 1 . . . . . . . . . 1 . 1 . . . . 1 . . 1 Total Hacks 247 | . 11 24 1 2 . 12 10 . 11 . . 23 . 22 1 . . . 22 28 10 . . 2 . 21 15 . 32 Successful 174 | . 6 18 1 2 . 10 4 . 7 . . 23 . 13 1 . . . 17 25 7 . . 2 . 15 9 . 14 Failed 72 | . 5 5 . . . 2 6 . 4 . . . . 9 . . . . 5 3 3 . . . . 6 6 . 18 Catastrophic 7 | . . 1 . . . . 1 . . . . . . . . . . . 1 . . . . . . . 1 . 3 Database Lockouts 1 | . . 1 . . . . . . . . . . . . . . . . . . . . . . . . . . . Manual 87 | . 10 14 . 1 . 7 4 . 4 . . . . 6 . . . . 4 13 4 . . 1 . 5 5 . 9 Terminals 154 | . 9 20 . . . 9 4 . 5 . . . . 16 . . . . 18 27 2 . . . . 10 10 . 24 Fabricators 23 | . . . . . . . 3 . . . . . . 4 . . . . 2 . 3 . . . . 6 5 . . Repair Stations 2 | . . . . . . . . . 2 . . . . . . . . . . . . . . . . . . . . Recycling Units 9 | . 2 . . . . . 3 . 2 . . . . . . . . . 1 1 . . . . . . . . . Scanalyzers 21 | . . 4 . . . 3 . . . . . . . 2 . . . . . . 2 . . . . 4 . . 6 Garrison Access 9 | . . . . . . . . . 2 . . . . . . . . . 1 . 3 . . . . 1 . . 2 Terminal Hacks 107 | . 1 7 1 2 . 6 2 . 3 . . 23 . 10 1 . . . 12 17 . . . 2 . 7 4 . 9 Record 9 | . . . . 1 . . . . . . . 6 . . . . . . . . . . . . . 1 . . 1 Part Schematic 16 | . . . . . . . . . . . . 10 . 1 . . . . 1 2 . . . . . 1 . . 1 Robot Schematic 5 | . . . . . . . . . . . . 4 . . . . . . . . . . . . . 1 . . . Robot Analysis 1 | . . . . . . . . . . . . . . . . . . . . 1 . . . . . . . . . Prototype ID Bank 5 | . . 1 . . . . . . . . . 3 . . . . . . . 1 . . . . . . . . . Open Door 5 | . . . 1 . . . . . . . . . . . 1 . . . . 1 . . . 2 . . . . . Level Access Points 2 | . . . . . . . . . . . . . . . . . . . . . . . . . . 1 . . 1 Branch Access Points 7 | . . . . . . 1 1 . 1 . . . . 1 . . . . 1 . . . . . . 1 . . 1 Machine Index 1 | . . . . . . . . . . . . . . . . . . . . 1 . . . . . . . . . Terminal Index 5 | . . 1 . . . 1 . . 1 . . . . 1 . . . . . . . . . . . . 1 . . Fabricator Index 2 | . . . . . . . . . . . . . . . . . . . 1 . . . . . . . 1 . . Scanalyzer Index 1 | . . . . . . . . . . . . . . . . . . . 1 . . . . . . . . . . Alert Level 2 | . . . . . . . . . . . . . . . . . . . . 2 . . . . . . . . . Unreport Threat 3 | . . . . . . . . . . . . . . 1 . . . . . 2 . . . . . . . . . Locate Traps 1 | . . . . . . . 1 . . . . . . . . . . . . . . . . . . . . . . Disarm Traps 3 | . . . . . . . . . . . . . . 2 . . . . . 1 . . . . . . . . . Security Status 1 | . . . . . . . . . . . . . . 1 . . . . . . . . . . . . . . . Recall Investigation 4 | . . . . . . 1 . . . . . . . . . . . . 2 1 . . . . . . . . . Recall Extermination 2 | . . . . . . . . . . . . . . . . . . . 2 . . . . . . . . . . Hauler Manifests 4 | . . 1 . . . . . . . . . . . 1 . . . . 1 . . . . . . . . . 1 Registered Components 10 | . . 1 . . . 1 . . 1 . . . . 1 . . . . 1 1 . . . . . 1 1 . 2 Registered Prototypes 5 | . . . . . . . . . . . . . . 1 . . . . 1 1 . . . . . 1 . . 1 Zone Layout 12 | . 1 3 . . . 2 . . . . . . . . . . . . 1 3 . . . . . . 1 . 1 Proto ID Catalog 1 | . . . . 1 . . . . . . . . . . . . . . . . . . . . . . . . . Fabricator Hacks 12 | . . . . . . . 1 . . . . . . 2 . . . . 2 . 2 . . . . 2 3 . . Network Status 1 | . . . . . . . 1 . . . . . . . . . . . . . . . . . . . . . . Load Schematic 6 | . . . . . . . . . . . . . . 1 . . . . 1 . 1 . . . . 1 2 . . Build 5 | . . . . . . . . . . . . . . 1 . . . . 1 . 1 . . . . 1 1 . . Repair Station Hacks 2 | . . . . . . . . . 2 . . . . . . . . . . . . . . . . . . . . Scan Component 1 | . . . . . . . . . 1 . . . . . . . . . . . . . . . . . . . . Repair 1 | . . . . . . . . . 1 . . . . . . . . . . . . . . . . . . . . Recycling Unit Hacks 4 | . 1 . . . . . 1 . . . . . . . . . . . 1 1 . . . . . . . . . Retrieve Components 4 | . 1 . . . . . 1 . . . . . . . . . . . 1 1 . . . . . . . . . Scanalyzer 14 | . . 4 . . . 3 . . . . . . . . . . . . . . 1 . . . . 2 . . 4 Insert Component 3 | . . 1 . . . 1 . . . . . . . . . . . . . . . . . . . 1 . . . Analyze 2 | . . . . . . 2 . . . . . . . . . . . . . . . . . . . . . . . Retrieve Study 9 | . . 3 . . . . . . . . . . . . . . . . . . 1 . . . . 1 . . 4 Garrison Access Hacks 5 | . . . . . . . . . 1 . . . . . . . . . 1 . 1 . . . . 1 . . 1 Seal Access 5 | . . . . . . . . . 1 . . . . . . . . . 1 . 1 . . . . 1 . . 1 Unauthorized Hacks 30 | . 4 7 . . . 1 . . 1 . . . . 1 . . . . 1 7 3 . . . . 3 2 . . Terminals 22 | . 3 7 . . . 1 . . 1 . . . . . . . . . 1 7 1 . . . . . 1 . . Assimilate 5 | . . . . . . . . . 1 . . . . . . . . . 1 1 1 . . . . . 1 . . Botnet 2 | . . 2 . . . . . . . . . . . . . . . . . . . . . . . . . . . Skim 15 | . 3 5 . . . 1 . . . . . . . . . . . . . 6 . . . . . . . . . Fabricators 6 | . . . . . . . . . . . . . . 1 . . . . . . 1 . . . . 3 1 . . Prioritize 5 | . . . . . . . . . . . . . . 1 . . . . . . 1 . . . . 2 1 . . Recompile 1 | . . . . . . . . . . . . . . . . . . . . . . . . . . 1 . . . Repair Stations . | . . . . . . . . . . . . . . . . . . . . . . . . . . . . . . Recycling Units 1 | . 1 . . . . . . . . . . . . . . . . . . . . . . . . . . . . Tunnel 1 | . 1 . . . . . . . . . . . . . . . . . . . . . . . . . . . . Scanalyzers . | . . . . . . . . . . . . . . . . . . . . . . . . . . . . . . Garrison Access 1 | . . . . . . . . . . . . . . . . . . . . . 1 . . . . . . . . Restock 1 | . . . . . . . . . . . . . . . . . . . . . 1 . . . . . . . . Data Cores Recovered . | . . . . . . . . . . . . . . . . . . . . . . . . . . . . . . Used . | . . . . . . . . . . . . . . . . . . . . . . . . . . . . . . Hacking Detections 66 | . 4 9 . . . 4 4 . 4 . . . . 5 . . . . 7 9 3 . . . . 8 5 . 4 Full Trace Events 3 | . . 1 . . . . . . . . . . . . . . . . 1 . 1 . . . . . . . . Feedback Events . | . . . . . . . . . . . . . . . . . . . . . . . . . . . . . . Feedback Blocked . | . . . . . . . . . . . . . . . . . . . . . . . . . . . . . . Robot Schematics Acquired 7 | . . . . . . . . . . . . 4 . . . . 2 . . . . . . . . 1 . . . Robots Built 3 | . . . . . . . . . . . . . . 2 . . . . . . . . . . . 1 . . . Authchips . | . . . . . . . . . . . . . . . . . . . . . . . . . . . . . . Time 138 | . . . . . . . . . . . . . . 76 . . . . . . . . . . . 62 . . . Total Robot Build Rating 17 | . . . . . . . . . . . . . . 10 . . . . . . . . . . . 7 . . . Part Schematics Acquired 33 | . . . . . . 1 . . . . . 10 . 1 . . 16 . 1 2 . . . . . 1 . . 1 Parts Built 4 | . . . . . . . . . . . . . . . . . . . 2 . 1 . . . . . 1 . . Authchips 1 | . . . . . . . . . . . . . . . . . . . . . . . . . . . 1 . . Time 146 | . . . . . . . . . . . . . . . . . . . 58 . 38 . . . . . 50 . . Total Part Build Rating 24 | . . . . . . . . . . . . . . . . . . . 14 . 5 . . . . . 5 . . Part Studies Acquired 9 | . . 3 . . . . . . . . . . . . . . . . . . 1 . . . . 1 . . 4 Parts Repaired 1 | . . . . . . . . . 1 . . . . . . . . . . . . . . . . . . . . Time 43 | . . . . . . . . . 43 . . . . . . . . . . . . . . . . . . . . Parts Recycled . | . . . . . . . . . . . . . . . . . . . . . . . . . . . . . . Recycled Matter . | . . . . . . . . . . . . . . . . . . . . . . . . . . . . . . Retrieved Matter . | . . . . . . . . . . . . . . . . . . . . . . . . . . . . . . Retrieved Components 9 | . 3 . . . . . . . . . . . . . . . . . 3 3 . . . . . . . . . Parts Scanalyzed 1 | . . . . . . 1 . . . . . . . . . . . . . . . . . . . . . . . Part Schematics Acquired 1 | . . . . . . 1 . . . . . . . . . . . . . . . . . . . . . . . Parts Damaged . | . . . . . . . . . . . . . . . . . . . . . . . . . . . . . . Bothacking | -11 -10 -9 -9 -9 -8 -8 -7 -7 -7 -7 -7 -7 -6 -6 -6 -6 -6 -5 -5 -5 -4 -4 -4 -4 -3 -3 -3 -3 -2 ------------ Run | Yrd Mat Mat Min Exi Min Mat Fac Was Fac Low Low Dat Pro Fac Low Low Zio Pro Fac Ext Fac Upp Upp War Pro Res Arm Lab Res Used RIF Installer . | . . . . . . . . . . . . . . . . . . . . . . . . . . . . . . Robots Hacked 18 | . . . . 4 . . . . . . . . . . . . . . . . . . . 5 . . . . 9 Non-combat 4 | . . . . 3 . . . . . . . . . . . . . . . . . . . . . . . . 1 Combat 14 | . . . . 1 . . . . . . . . . . . . . . . . . . . 5 . . . . 8 Robot Hacks Applied 18 | . . . . 4 . . . . . . . . . . . . . . . . . . . 5 . . . . 9 parse_system 18 | . . . . 4 . . . . . . . . . . . . . . . . . . . 5 . . . . 9 Relay Couplers Released . | . . . . . . . . . . . . . . . . . . . . . . . . . . . . . . Fabnet Peak Effective % . | . . . . . . . . . . . . . . . . . . . . . . . . . . . . . . Robots Rewired 9 | . . . . . . . . . . . . . . . . . . . . 7 . . . 1 . . 1 . . Allies Hacked 1 | . . . . . . . . . . . . . . . . . . . . . . . . . . . 1 . . Hacks Repelled . | . . . . . . . . . . . . . . . . . . . . . . . . . . . . . . Allies | -11 -10 -9 -9 -9 -8 -8 -7 -7 -7 -7 -7 -7 -6 -6 -6 -6 -6 -5 -5 -5 -4 -4 -4 -4 -3 -3 -3 -3 -2 -------- Run | Yrd Mat Mat Min Exi Min Mat Fac Was Fac Low Low Dat Pro Fac Low Low Zio Pro Fac Ext Fac Upp Upp War Pro Res Arm Lab Res Total Allies 21 | . . . . . . . . . . . . . . 2 . . 4 . 1 9 1 . . 1 . 1 2 . . Largest Group 9 | . . . . . . . . . . . . . . 2 1 1 4 3 1 9 1 . . 1 . 1 2 . . Highest-Rated Group 395 | . . . . . . . . . . . . . . 82 41 41 107 93 26 395 26 . . 58 . 45 109 . . Highest-Rated Ally 159 | . . . . . . . . . . . . . . 41 41 41 31 31 26 159 26 . . 58 . 45 64 . . Total Orders . | . . . . . . . . . . . . . . . . . . . . . . . . . . . . . . Ally Attacks 130 | . . . . . . . . . . . . . . 11 . 14 . 10 . 94 . . . 1 . . . . . Total Damage 3381 | . . . . . . . . . . . . . . 410 . 502 . 131 . 2338 . . . . . . . . . Kills 26 | . . . . . . . . . . . . . . 4 . 5 . 1 . 16 . . . . . . . . . Allies Corrupted 2 | . . . . . . . . . . . . . . 1 . . . . . 1 . . . . . . . . . Allies Melted . | . . . . . . . . . . . . . . . . . . . . . . . . . . . . . . Intel | -11 -10 -9 -9 -9 -8 -8 -7 -7 -7 -7 -7 -7 -6 -6 -6 -6 -6 -5 -5 -5 -4 -4 -4 -4 -3 -3 -3 -3 -2 ------- Run | Yrd Mat Mat Min Exi Min Mat Fac Was Fac Low Low Dat Pro Fac Low Low Zio Pro Fac Ext Fac Upp Upp War Pro Res Arm Lab Res Active Infowar (turns) 5896 | 4 568 795 . . . . . 10 10 95 94 72 121 2 322 269 504 140 75 649 . 38 74 258 426 247 524 408 191 Optics 2047 | . . . . . . . . . . . . . . . . . . . . . . . . 251 426 247 524 408 191 Sensors 1756 | . . . . . . . . . 10 95 94 72 121 2 322 269 504 140 8 . . 38 74 7 . . . . . Seismic 1367 | 4 568 795 . . . . . . . . . . . . . . . . . . . . . . . . . . . T.N.C. 117 | . . . . . . . . 10 . . . . . . . . . . 67 40 . . . . . . . . . Cloaking 609 | . . . . . . . . . . . . . . . . . . . . 609 . . . . . . . . . Jamming 769 | . . . . . . . . . . . . . . . . . . . . . . . . . . 74 508 . 187 ECM 282 | . . . . . . . . . . . . . . . . . . . . . . . . . . . 282 . . Robot Analysis Total 1 | . . . . . . . . . . . . . . . . . . . . 1 . . . . . . . . . Derelict Logs Recovered 7 | . . . 2 . . . . . . . 1 . 1 . 1 . . 1 . . . 1 . . . . . . . Drone Launches . | . . . . . . . . . . . . . . . . . . . . . . . . . . . . . . Drone Recoveries . | . . . . . . . . . . . . . . . . . . . . . . . . . . . . . . Exploration | -11 -10 -9 -9 -9 -8 -8 -7 -7 -7 -7 -7 -7 -6 -6 -6 -6 -6 -5 -5 -5 -4 -4 -4 -4 -3 -3 -3 -3 -2 ------------- Run | Yrd Mat Mat Min Exi Min Mat Fac Was Fac Low Low Dat Pro Fac Low Low Zio Pro Fac Ext Fac Upp Upp War Pro Res Arm Lab Res Turns Passed 12157 | 158 568 1862 1283 650 293 1537 242 53 233 95 94 72 121 250 323 269 504 140 263 759 113 40 74 365 426 247 524 408 191 Spaces Moved 13874 | 72 243 718 597 316 117 671 578 149 596 294 360 125 354 383 665 568 1246 312 694 717 325 174 293 833 499 657 721 193 404 Core 8 | 8 . . . . . . . . . . . . . . . . . . . . . . . . . . . . . Treads 2270 | 64 243 675 597 316 117 258 . . . . . . . . . . . . . . . . . . . . . . . Legs . | . . . . . . . . . . . . . . . . . . . . . . . . . . . . . . Wheels 456 | . . 43 . . . 413 . . . . . . . . . . . . . . . . . . . . . . . Hover . | . . . . . . . . . . . . . . . . . . . . . . . . . . . . . . Flight 11140 | . . . . . . . 578 149 596 294 360 125 354 383 665 568 1246 312 694 717 325 174 293 833 499 657 721 193 404 Fastest Speed 12 | 50 160 105 200 200 200 101 26 26 26 26 26 26 30 27 27 27 27 23 23 12 20 20 20 16 27 15 23 23 20 Average Speed 57 | 147 160 209 200 200 200 154 26 26 26 26 26 27 30 27 27 27 27 23 24 27 22 20 20 25 27 24 30 23 22 Slowest Speed 240 | 160 160 240 200 200 200 240 26 26 26 26 26 30 30 27 27 27 27 29 29 29 24 20 20 73 34 27 34 23 23 Overloaded Moves 47 | . . . . . . . . . . . . . . . . . . . . 9 . . . . . 38 . . . Propulsion Burnouts . | . . . . . . . . . . . . . . . . . . . . . . . . . . . . . . Robots Hopped 53 | . . . . . . . 17 . 1 . . . . 4 2 . . 3 . 3 . . . 4 . 2 3 . 14 Potential Cave-ins 2 | . . . . . . . . . . . . . . . . . . . . . . . . . . . 2 . . Cave-ins Triggered . | . . . . . . . . . . . . . . . . . . . . . . . . . . . . . . Exploration Rate (%) 51 | 5 42 57 87 69 37 47 17 85 13 48 62 77 50 10 75 76 85 46 24 71 7 44 53 92 74 30 54 93 15 Regions Visited 29 Branch Regions 18 Pre-discovered Areas 11 | . 1 2 . 1 . . . . . . 1 1 . . . . 1 1 . 2 . 1 . . . . . . . Known Exits Taken 21 | . . 1 . . 1 . . . 1 1 1 1 1 1 1 1 1 1 1 1 1 1 1 . 1 1 1 1 . Unknown Exits Taken 6 | 1 1 . 1 1 . 1 . . . . . . . . . . . . . . . . . 1 . . . . . Scrap Searched 23 | . . . 3 . 1 . . . . 1 2 . 1 . 4 4 1 . . . . 3 1 . 2 . . . . Spaces Dug 141 | . . . . . . . 8 1 4 . . . 1 7 . . . . 6 1 2 . . . 1 22 83 . 5 Terrain Destroyed 403 | . . . . . . 23 22 1 4 . . . 1 7 . . . . 6 1 2 . . . 1 22 308 . 5 Melee 70 | . . . . . . . 8 1 4 . . . 1 7 . . . . 6 1 2 . . . 1 22 12 . 5 Projectile 5 | . . . . . . 5 . . . . . . . . . . . . . . . . . . . . . . . AOE 328 | . . . . . . 18 14 . . . . . . . . . . . . . . . . . . . 296 . . Terrain Rammed . | . . . . . . . . . . . . . . . . . . . . . . . . . . . . . . Walls Destroyed . | . . . . . . . . . . . . . . . . . . . . . . . . . . . . . . Machines Disabled . | . . . . . . . . . . . . . . . . . . . . . . . . . . . . . . Actions | -11 -10 -9 -9 -9 -8 -8 -7 -7 -7 -7 -7 -7 -6 -6 -6 -6 -6 -5 -5 -5 -4 -4 -4 -4 -3 -3 -3 -3 -2 --------- Run | Yrd Mat Mat Min Exi Min Mat Fac Was Fac Low Low Dat Pro Fac Low Low Zio Pro Fac Ext Fac Upp Upp War Pro Res Arm Lab Res Total 17184 | 102 325 968 647 331 151 1050 629 161 661 303 359 160 363 513 802 675 1412 350 764 1223 359 177 307 987 774 710 921 535 465 Wait 2224 | . 20 101 21 . 20 253 22 . 29 1 . 19 . 107 138 103 160 13 11 407 10 . 15 95 255 14 50 314 46 Move 13756 | 71 242 717 596 315 116 670 547 148 593 293 359 124 353 374 660 567 1245 306 693 710 324 173 292 826 498 652 715 192 385 Hop 37 | . . . . . . . 14 . 1 . . . . 4 2 . . 2 . 3 . . . 2 . 2 2 . 5 Pick Up 174 | 13 6 38 5 1 1 18 4 3 5 . . 4 . 5 . . 2 4 11 4 7 . . 17 1 3 12 8 2 Fast Attach 42 | . 1 2 . . . 8 . 2 2 2 . . . 1 . . 1 . 3 3 1 . . 3 1 3 5 1 3 Attach 100 | 7 2 11 . . 1 12 9 1 1 . . 3 . 3 . . . 6 8 4 4 . . 7 . 1 14 3 3 Detach 14 | . . 1 . . . 1 1 . . . . . . 1 . . . . 2 . . . . 1 . . 2 4 1 Swap 58 | . 1 14 2 2 . 5 2 . 1 . . . . 4 1 . . . 1 1 1 3 . 9 3 2 4 1 1 Drop 159 | . 3 27 3 4 . 19 11 5 6 2 . 4 . 3 . . 3 2 10 8 5 1 . 21 1 3 14 1 3 Fire 310 | 11 50 57 20 9 13 64 1 . . . . . . . . . . . . 11 . . . 6 2 . 57 . 9 Melee 260 | . . . . . . . 18 2 8 5 . 6 10 11 1 5 1 17 25 49 7 . . . 13 30 34 11 7 Ram . | . . . . . . . . . . . . . . . . . . . . . . . . . . . . . . Kick . | . . . . . . . . . . . . . . . . . . . . . . . . . . . . . . Crush . | . . . . . . . . . . . . . . . . . . . . . . . . . . . . . . Escape Stasis 38 | . . . . . . . . . 15 . . . . . . . . . . 23 . . . . . . . . . Rewire 12 | . . . . . . . . . . . . . . . . . . . . . . . . . . . 12 . . Trap . | . . . . . . . . . . . . . . . . . . . . . . . . . . . . . . Miscellaneous . | . . . . . . . . . . . . . . . . . . . . . . . . . . . . . . Route ------- -11/Scrapyard -10/Materials -9/Materials (discovered 4 exits: *Mat x3 / *Min) -9/Mines (discovered 3 exits: *Mat x2 / *Exi) -9/Exiles -8/Mines -8/Materials -7/Factory (discovered 4 exits: Sto x2 / Low x2) -7/Waste -7/Factory (discovered 3 exits: Sto / *Low x2) -7/Lower Caves -7/Lower Caves (discovered 2 exits: *Fac / *Dat) -7/Data Miner -6/Proximity Caves -6/Factory (discovered 2 exits: *Low x2) -6/Lower Caves -6/Lower Caves (discovered 2 exits: *Fac / *Zio) -6/Zion -5/Proximity Caves -5/Factory (discovered 5 exits: *Fac / Upp x2 / *Ext x2) -5/Extension (discovered 2 exits: *Fac / [*Cet]) -4/Factory (discovered 2 exits: Res / *Upp) -4/Upper Caves -4/Upper Caves -4/Warlord -3/Proximity Caves -3/Research (discovered 6 exits: *Res x3 / *Arm / Tes x2) -3/Armory (discovered 2 exits: *Res / *Lab) -3/Lab -2/Research (discovered 5 exits: Acc x3 / Qua x2) History --------- Turn | Location | Event 6 | -11/Scrapyard | Discovered new exit (range 15) 159 | -11/Scrapyard | Entered Materials 309 | -10/Materials | Build established: Mutant 393 | -10/Materials | Discovered new exit (range 16) 727 | -10/Materials | Entered another Materials area 727 | -9/Materials | Evolved 2 slots: Utility x2 1302 | -9/Materials | Build established: Hacker-Mutant 1368 | -9/Materials | Discovered new exit (range 7) 1836 | -9/Materials | Discovered new exit (range 19) 1933 | -9/Materials | Central database locked down 1977 | -9/Materials | Learned Storage emergency access door positions 2016 | -9/Materials | Build established: Mutant 2092 | -9/Materials | Learned Storage stockpile data 2133 | -9/Materials | Learned 4 Recycling zone layouts 2162 | -9/Materials | Identified exit to Materials 2182 | -9/Materials | Identified exit to Mines 2235 | -9/Materials | Learned 2 Materials zone layouts 2270 | -9/Materials | Learned location of Zion (-6) 2589 | -9/Materials | Entered Mines 3028 | -9/Mines | Deemed a non-threat by the Exiles lab entrance 3028 | -9/Mines | Discovered new exit (range 5) 3121 | -9/Mines | Received a Rocket Launcher from a helpful Derelict 3139 | -9/Mines | Learned Materials terminal intel 3293 | -9/Mines | Discovered exit to Materials (range 5) 3540 | -9/Mines | Learned Materials security intel 3540 | -9/Mines | Discovered exit to Materials (range 7) 3569 | -9/Mines | Met a Derelict who couldn't figure out how to use a Trap Extractor 3872 | -9/Mines | Entered Exiles 3920 | -9/Exiles | Met 8R-AWN 3959 | -9/Exiles | Met EX-HEX 4054 | -9/Exiles | Met EX-DEC 4235 | -9/Exiles | Met EX-BIN 4268 | -9/Exiles | Aligned with FarCom system 4270 | -9/Exiles | Given EX-Vault access code 4316 | -9/Exiles | Opened EX-Vault 4331 | -9/Exiles | Found Flying Fortress v7 4374 | -9/Exiles | Warned to stay clear of 0b10 Research branches 4498 | -9/Exiles | Discovered new exit (range 12) 4522 | -9/Exiles | Left Exiles lab with Flying Fortress v7 4522 | -9/Exiles | Entered Mines 4708 | -8/Mines | Core integrity fell below 50% 4771 | -8/Mines | Discovered exit to Materials (range 11) 4815 | -8/Mines | Entered Materials 4815 | -8/Materials | Evolved 2 slots: Propulsion x1, Utility x1 4818 | -8/Materials | Loaded intel: 12 terminal locations 5113 | -8/Materials | Build established: Hacker-Mutant 6091 | -8/Materials | Garrison activated, responded to threat 6331 | -8/Materials | Core integrity fell below 50% 6332 | -8/Materials | Lost 3 parts (1p1u1w) 6335 | -8/Materials | Discovered new exit (range 16) 6352 | -8/Materials | Entered Factory 6352 | -7/Factory | Evolved 2 slots: Propulsion x1, Utility x1 6517 | -7/Factory | Identified exit to Storage 6517 | -7/Factory | Identified exit to Lower Caves 6594 | -7/Factory | Sucked down chute 6594 | -7/Factory | Entered Waste 6594 | -7/Waste | The area was eerily silent 6639 | -7/Waste | Discovered new exit (range 13) 6647 | -7/Waste | Entered Factory 6696 | -7/Factory | Repaired Broken Field Propulsion Array? 6880 | -7/Factory | Entered Lower Caves 6888 | -7/Lower Caves | Attacked by a delusional Derelict stockpiling parts 6893 | -7/Lower Caves | Build established: Hacker-Sprinter 6954 | -7/Lower Caves | Encountered a Warlord checkpoint 6961 | -7/Lower Caves | Discovered new exit (range 8) 6964 | -7/Lower Caves | Identified exit to Lower Caves 6975 | -7/Lower Caves | Entered another Lower Caves area 6983 | -7/Lower Caves | Discovered new exit (range 7) 7016 | -7/Lower Caves | Encountered a Warlord checkpoint 7048 | -7/Lower Caves | Entered a destroyed Warlord outpost 7048 | -7/Lower Caves | Discovered new exit (range 15) 7069 | -7/Lower Caves | Identified exit to Data Miner 7069 | -7/Lower Caves | Entered Data Miner 7069 | -7/Data Miner | Discovered new exit (range 6) 7074 | -7/Data Miner | Met Data Miner 7079 | -7/Data Miner | Learned location of Section 7 (-2) 7079 | -7/Data Miner | Acquired the access code to Warlord's prototype stash 7083 | -7/Data Miner | Received God Mode back door access code from Data Miner 7091 | -7/Data Miner | Destroyed Data Miner 7099 | -7/Data Miner | Found Prototype Hackware 7100 | -7/Data Miner | Found Prototype Hackware 7102 | -7/Data Miner | Found Prototype Hackware 7105 | -7/Data Miner | Data Conduit disabled 7141 | -7/Data Miner | Identified exit to Proximity Caves 7141 | -7/Data Miner | Entered Proximity Caves 7143 | -6/Proximity Caves | Spotter reported a threat 7144 | -6/Proximity Caves | Spotter reported a threat 7156 | -6/Proximity Caves | Learned Factory stockpile data 7238 | -6/Proximity Caves | Spotted B-75 Beast 7259 | -6/Proximity Caves | Discovered new exit (range 9) 7262 | -6/Proximity Caves | Identified exit to Factory 7262 | -6/Proximity Caves | Entered Factory 7262 | -6/Factory | Evolved 2 slots: Propulsion x1, Utility x1 7335 | -6/Factory | Identified Quantum Router 7336 | -6/Factory | Identified Deep Network Scanner 7337 | -6/Factory | Identified System Mapper 7339 | -6/Factory | Identified exit to Lower Caves 7399 | -6/Factory | Fabricated H-66 Slayer (x2) 7512 | -6/Factory | Entered Lower Caves 7512 | -6/Lower Caves | Accompanied by 1 ally 7629 | -6/Lower Caves | Build established: Wizard-Sprinter 7630 | -6/Lower Caves | Identified exit to Lower Caves 7717 | -6/Lower Caves | Encountered a Warlord checkpoint 7835 | -6/Lower Caves | Entered another Lower Caves area 7835 | -6/Lower Caves | Accompanied by 1 ally 7840 | -6/Lower Caves | Discovered new exit (range 13) 7883 | -6/Lower Caves | Attracted the attention of an 0b10 checkpoint 7886 | -6/Lower Caves | Encountered a Warlord checkpoint 7983 | -6/Lower Caves | Spotted B-75 Beast 8035 | -6/Lower Caves | Discovered new exit (range 13) 8103 | -6/Lower Caves | Identified exit to Zion 8104 | -6/Lower Caves | Entered Zion 8116 | -6/Zion | Given the Hacking Drone Bay 8116 | -6/Zion | Found Prototype Device 8126 | -6/Zion | Discovered new exit (range 15) 8181 | -6/Zion | Learned Factory emergency access door positions 8219 | -6/Zion | Rebuked by Imprinter 8230 | -6/Zion | Learned location of Warlord (-4) 8340 | -6/Zion | Gained Derelict followers 8383 | -6/Zion | Visited the Megawrench Repair Shop 8383 | -6/Zion | Megawrench repaired 10 parts 8448 | -6/Zion | Identified exit to Proximity Caves 8608 | -6/Zion | Entered Proximity Caves 8608 | -5/Proximity Caves | Accompanied by 4 allies 8652 | -5/Proximity Caves | Lost 4 allies 8683 | -5/Proximity Caves | Lost 3 parts (2n1u) 8701 | -5/Proximity Caves | Spotter reported a threat 8716 | -5/Proximity Caves | Attracted the attention of an 0b10 outpost 8741 | -5/Proximity Caves | Learned location of Armory (-3) 8745 | -5/Proximity Caves | Discovered new exit (range 10) 8748 | -5/Proximity Caves | Attracted the attention of an 0b10 checkpoint 8748 | -5/Proximity Caves | Identified exit to Factory 8748 | -5/Proximity Caves | Entered Factory 8748 | -5/Factory | Evolved 2 slots: Utility x2 8762 | -5/Factory | Identified exit to Upper Caves 8762 | -5/Factory | Identified exit to Extension 8765 | -5/Factory | Discovered new exit (range 3) 8765 | -5/Factory | Identified exit to Factory 8939 | -5/Factory | Build established: Hacker-Sprinter 8992 | -5/Factory | Fabricated Adv. Surge Thruster (x2) 9011 | -5/Factory | Entered Extension 9039 | -5/Extension | Rescued A7 9282 | -5/Extension | Learned location of 1 exit from Upper Caves 9324 | -5/Extension | Learned Research security intel 9356 | -5/Extension | Learned location of Testing (-3) 9376 | -5/Extension | Learned location of Upper Caves (-5) 9388 | -5/Extension | Learned location of 1 exit from Armory 9395 | -5/Extension | Learned location of 2 exits from Factory 9432 | -5/Extension | Learned Research non-interactive machine intel 9619 | -5/Extension | Spotted B-75 Beast 9627 | -5/Extension | Spotted B-75 Beast 9636 | -5/Extension | Allies destroyed B-75 Beast 9654 | -5/Extension | Destroyed B-75 Beast 9684 | -5/Extension | Lost 4 allies 9707 | -5/Extension | Extracted ID and sensor layout for unrecognized location from A7's data core 9747 | -5/Extension | Discovered exit to Factory (range 16) 9747 | -5/Extension | Discovered new exit (range 16) 9770 | -5/Extension | Entered Factory 9770 | -4/Factory | Evolved 2 slots: Power x1, Propulsion x1 9771 | -4/Factory | Identified exit to Research 9771 | -4/Factory | Identified exit to Upper Caves 9835 | -4/Factory | Fabricated Exp. Propulsion Shielding (x1) 9883 | -4/Factory | Entered Upper Caves 9884 | -4/Upper Caves | Identified exit to Upper Caves 9892 | -4/Upper Caves | Spotted B-86 Titan 9913 | -4/Upper Caves | Attracted the attention of an 0b10 outpost 9923 | -4/Upper Caves | Entered another Upper Caves area 9994 | -4/Upper Caves | Discovered new exit (range 14) 9997 | -4/Upper Caves | Identified exit to Warlord 9997 | -4/Upper Caves | Entered Warlord 10070 | -4/Warlord | Opened Warlord's prototype stash 10105 | -4/Warlord | Found Prototype Reactor 10106 | -4/Warlord | Identified Vortex Chain Reactor 10109 | -4/Warlord | Found Prototype Hackware 10111 | -4/Warlord | Found Prototype Processor 10111 | -4/Warlord | Identified Spectral Analyzer 10117 | -4/Warlord | Identified Ghost Barrier 10137 | -4/Warlord | Visited the Vortex Lab 10139 | -4/Warlord | Found Prototype Piercing Weapon 10141 | -4/Warlord | Found Prototype Piercing Weapon 10144 | -4/Warlord | Found Prototype Energy Gun 10146 | -4/Warlord | Found Prototype Energy Gun 10147 | -4/Warlord | Identified Vortex Rifle (x2) 10148 | -4/Warlord | Warlord's base attacked by MAIN.C 10149 | -4/Warlord | Identified Vortex Lance (x2) 10152 | -4/Warlord | Found Prototype Launcher 10176 | -4/Warlord | Met Warlord 10310 | -4/Warlord | Spotted B-86 Titan 10352 | -4/Warlord | Opened side exit 10357 | -4/Warlord | Spotted B-90 Cyclops 10358 | -4/Warlord | Spotted B-86 Titan 10359 | -4/Warlord | Discovered new exit (range 11) 10361 | -4/Warlord | Spotted B-90 Cyclops 10362 | -4/Warlord | Entered Proximity Caves 10383 | -3/Proximity Caves | Attracted the attention of an 0b10 checkpoint 10596 | -3/Proximity Caves | Received a Behemoth hack from an annoying Tinkerer 10666 | -3/Proximity Caves | Spotted B-86 Titan 10678 | -3/Proximity Caves | Build established: Wizard-Sprinter 10714 | -3/Proximity Caves | Spotter reported a threat 10784 | -3/Proximity Caves | Discovered exit to Research (range 9) 10788 | -3/Proximity Caves | Entered Research 10788 | -3/Research | Evolved 2 slots: Propulsion x1, Utility x1 10790 | -3/Research | Loaded intel: 66 non-interactive machine locations 10801 | -3/Research | Identified exit to Research 10808 | -3/Research | Identified exit to Armory 10808 | -3/Research | Identified exit to Testing 10835 | -3/Research | Identified Vortex Catalyst Activator 10851 | -3/Research | Fabricated O-32 Director? 10960 | -3/Research | Spotted B-86 Titan 11035 | -3/Research | Entered Armory 11036 | -3/Armory | Met VL-GR5, who suggested a friendly competition 11036 | -3/Armory | Identified exit to Lab 11191 | -3/Armory | Destroyed 13 combat bots 11237 | -3/Armory | Congratulated by VL-GR5 on winning the competition 11238 | -3/Armory | Found Prototype Processor 11256 | -3/Armory | Found Prototype Processor 11257 | -3/Armory | Identified Exp. Terrain Scan Processor 11260 | -3/Armory | Found Prototype Device 11261 | -3/Armory | Identified Exp. ECM Suite 11270 | -3/Armory | Destroyed 10 combat bots 11312 | -3/Armory | Fabricated Exp. Propulsion Shielding (x1) 11326 | -3/Armory | Found Fusion Bomb Launcher 11341 | -3/Armory | Discovered exit to Research (range 19) 11370 | -3/Armory | VL-GR5 left a parting gift on exiting Armory 11373 | -3/Armory | Found Prototype Energy Cannon 11516 | -3/Armory | Identified VL-GR5's Timing Chip 11519 | -3/Armory | Build established: Hacker-Sprinter 11530 | -3/Armory | Identified Multinova Projection Cannon 11535 | -3/Armory | First assault squad dispatched 11559 | -3/Armory | Entered Lab 11559 | -3/Lab | Discovered exit to Research (range 9) 11562 | -3/Lab | Hidden lab's door opened automatically 11562 | -3/Lab | Sensor layout match revealed 11563 | -3/Lab | Gained access to the hidden lab's interior 11701 | -3/Lab | Found Quantum Router 11748 | -3/Lab | Found Prototype Protection 11750 | -3/Lab | Found Prototype Energy Cannon 11754 | -3/Lab | Found Prototype Energy Cannon 11765 | -3/Lab | Identified Potential Cannon (x2) 11770 | -3/Lab | Found Alien Artifact 11771 | -3/Lab | Identified Integrated Reactor 11771 | -3/Lab | Installed Integrated Reactor, increased core energy generation (+10) 11779 | -3/Lab | Found Alien Artifact 11786 | -3/Lab | Identified Med. Regenerative Plating 11790 | -3/Lab | Found Alien Artifact 11873 | -3/Lab | Found Prototype Special Weapon 11881 | -3/Lab | Identified Gui. Remote Datajack 11963 | -3/Lab | Found Alien Artifact 11963 | -3/Lab | Identified Core Reset Matrix 11963 | -3/Lab | Identified Transdimensional Reconstructor 11963 | -3/Lab | Identified Core Regenerator 11963 | -3/Lab | Used Core Reset Matrix 11966 | -3/Lab | Discovered exit to Research (range 6) 11967 | -3/Lab | Entered Research 11967 | -2/Research | Warlord forces began assault on 0b10 11967 | -2/Research | Evolved 2 slots: Power x1, Propulsion x1 11984 | -2/Research | Identified exit to Quarantine 11990 | -2/Research | Found Prototype Processor 11990 | -2/Research | Identified Exp. Core Analyzer 11999 | -2/Research | Identified exit to Access 12000 | -2/Research | Spotted B-90 Cyclops 12034 | -2/Research | Met up with Warlord 12065 | -2/Research | Build established: Wizard-Sprinter 12077 | -2/Research | Research machine network offline 12110 | -2/Research | Found Prototype Launcher 12114 | -2/Research | Identified Tactical Quantum Warhead 12158 | -2/Research | Self-destructed Last Messages --------------- 12139_ Jacked CP-RE1(s)... >>parse_system Reading system data... New IDs: Lgt. Fission Core Nuclear Pulse Thruster 12140_ K-01 Serf collects debris. 12142_ R-10 Processor collects Unknown Device. 12144_ Acquired Unknown Reactor. 12144_ Identified Quantum Reactor. 12147_ Dropped Adv. KE Penetrator. 12150_ Acquired 71 matter. 12152_ R-10 Processor collects Unknown Engine. 12153_ K-01 Serf collects debris. 12153_ Acquired 65 matter. 12155_ Acquired 30 matter. 12155_ Acquired Nuclear Pulse Thruster. 12157_ 9H-P9T(T) shreds Wall. 12157_ Dropped Component Analysis Suite. 12158_ K-01 Serf collects debris. Map ----- +----------------------------------------------------+ | # #?????????????????????????????????????????? | | # #?????????????????????????????????????????? | | "!!="""###???????????????????????????????????????? | | !%! #???????????????????????????????????????? | | !*! #???????????????????????????????????????? | | """S""" #???????????????????????????????????????? | | """% "" ##########??????????????????????????????? | | ! " #??????????????????????????????? | | != " #??????????????????????????????? | | ! """" #??????????????????????????????? | | """ """" ???????????????????????????????? | | ""??????????????????????????????????? | | " ### "????????????????????????????????????? | | " ## ""???????????????????????????????????? | | " #? ??????????????????????????????????? | | " ##?? ?????????????????????????????????? | | # #??###"+"###??????????????????????????????? | | # ##?? ??????????????????????????????? | | # "#???? ?????????????????????????????? | | # "#????? ?????????????????????????????? | | # "#??????? ????????????????????????????? | | # "#????????# ????????????????????????????? | | # "#????????# ???????????????????????????? | | # %"#????????# ########???????????????????? | | "+"" "#????????# #???????????????????? | | " ########## @ #???????????????????? | | " ; ; TTT l ###?????????????????? | | ; ; TTTS*ul ; #######????p??????? | | " ; ;;;TTTS# ### +p??????????? | | " ;################ [!;## #????????????? | | ##; ""##??????????????# ll### #????????????? | | ##" "########?????????# = ###########??? | | """#" # #?????????# ! # [ #??? | | + + #?????????# k % # **! #??? | | # # ] #?????????# + *]! ! #??? | | # "########?????############ # *!! #??? | | # "#????????????# ## # !#??? | | !# "#????????????# ## ###########??? | | # "#######??????# """"" # #???????????? | | # #= #??????# """"" # ########????? | | ## # #??????# """"" / #????? | | ## # #??????# # #????? | | " + #??????# # ##### #????? | | " # #??????# # #??????#????? | | " # #??????#+#####+##### ###???????????? | | + ########??????# #???# #???# #?????????????? | | "##" "##???????????# #???# #???# +?????????????? | | #?## ""##########??# #???# #???# #?????????????? | | #??# + #??# #???# #???# #?????????????? | | #??# #" #??# #???# ??? #?????????????? | +----------------------------------------------------+ Best States ------------- Heat Dissipation 62 Coolant Potential 100 Energy Generation 55 Energy Capacity 700 Matter Stores 300 Matter Capacity 300 Sight Range 24 Robot Scan Range 16 Terrain Scan Density 10 ECM Strength 3 Jamming Range 16 Cloak Strength 3 Armor Coverage 225 Propulsion Shielding 90 Utility Shielding 66 Melee Speed Boost 40 Evasion (%) 77 Melee Accuracy 16 Core Analysis 6 Recoil Reduction 2 Force Boost 20 Offensive Hacking 55 Defensive Hacking 55 Authchip Count 1 Item Schematics ----------------- Adv. Quantum Shading Machine | -2/Research | Hacked Robot Schematics ------------------ None Fabricated ------------ H-66 Slayer | x2 | -6/Factory | Preloaded Adv. Surge Thruster | x2 | -5/Factory Exp. Propulsion Shielding | x1 | -4/Factory O-32 Director | x1 | -3/Research | Preloaded Exp. Propulsion Shielding | x1 | -3/Armory | Authchip Repaired ---------- Field Propulsion Array | 58% | -7/Factory | Broken Studied --------- Impulse Thruster | -2/Research | Hacked Lgt. Particle Reactor | -2/Research | Hacked Fusion Bomb Launcher | -2/Research | Hacked Force Lance | -2/Research | Hacked Alien Tech Used ----------------- Integrated Reactor Core Reset Matrix Achievements -------------- Kill Stealer May I Have Another? Recruitment Drive Challenges ------------ None Game ------ Seed DirtyOmegaFocus Manual? 0 Play Time 03:05:15 Cumulative 554.5 hours Start 2025.11.25 @ 20:19:41 End 2025.11.26 @ 20:25:04 Sessions 10 Manual Loads 0 Difficulty Rogue Special Mode None Game No. 723 Rogue 723 Adventurer 0 Explorer 0 Win Type - Total 19 Types 8/1/2/2/2/0/2/2/0/0 Lore% 93 Gallery% 87 Achievement% 72 Wizard Run 0 Options --------- Layout 2 ASCII 0 Keyboard 0 Movement Mouse Keybinds 0 Fullscreen 1 Font 24/Tamsyn Map View 50x44 Zoom Use 0% Tactical HUD 1 Map Filters NONE Filters NONE Steam 1 RUN: 8f2353f8-c0e1-4bde-9849-a70af2c0873a